 Dungeon Crawl Stone Soup version 0.23.2-40-g277498a001 (webtiles) character file.

Game seed: 4038807082220205072

525 FishyPogo the Conjurer (level 7, -4/55 HPs)
             Began as a Naga Conjurer on Aug 25, 2019.
             Slain by a hornet (15 damage)
             ... on level 5 of the Dungeon.
             The game lasted 00:16:44 (4097 turns).

FishyPogo the Conjurer (Naga Conjurer)              Turns: 4097, Time: 00:16:44

Health: -4/55      AC:  5    Str: 11    XL:     7   Next: 22%
Magic:  12/12      EV: 11    Int: 17    God:
Gold:   160        SH:  0    Dex: 11    Spells: 7/13 levels left

rFire    . . .     SeeInvis +   f - +0 dagger
rCold    . . .     Gourm    .   (no shield)
rNeg     . . .     Faith    .   a - +1 robe
rPois    +         Spirit   .   v - +0 helmet
rElec    .         Reflect  .   (no cloak)
rCorr    .         Harm     .   (no gloves)
MR       .....                  (no barding)
Stlth    +++.......             (no amulet)
HPRegen  0.18/turn              n - ring of see invisible
MPRegen  0.13/turn              (no ring)

@: flying, very slightly contaminated, hasted and slowed, very slow
A: large, see invisible, deformed body, poison resistance, slowness 2, slow
metabolism 1, spit poison 1, AC +2
a: Spit Poison


You were on level 5 of the Dungeon.
You were hungry.

You visited 1 branch of the dungeon, and saw 5 of its levels.
You also visited: Sewer.

You collected 160 gold pieces.

Inventory:

Hand Weapons
 f - a +0 dagger (weapon)
Missiles
 g - 97 stones (quivered)
 i - 2 javelins
 t - 2 poisoned javelins
Armour
 a - a +1 robe (worn)
 k - a +0 buckler
 v - a +0 helmet (worn)
Jewellery
 n - a ring of see invisible (left hand)
Scrolls
 b - a scroll of identify
 l - 2 scrolls of magic mapping
 m - a scroll of teleportation
 p - a scroll of fear {unknown}
 q - 2 scrolls of enchant armour
 w - a scroll of remove curse {unknown}
Potions
 d - 2 potions of haste
 j - a potion of might
 o - a potion of degeneration {unknown}
Comestibles
 c - 8 rations
 u - 3 chunks of flesh


   Skills:
 * Level 3.3 Dodging
 + Level 5.0 Stealth
 * Level 0.8 Shields
 * Level 3.9 Spellcasting
 * Level 5.4 Conjurations
 + Level 1.9 Hexes


You had 7 spell levels left.
You knew the following spells:

 Your Spells              Type           Power        Failure   Level  Hunger
a - Magic Dart            Conj           ###.         1%          1    None
b - Dazzling Spray        Conj/Hex       ###...       11%         3    ###....
c - Searing Ray           Conj           ###...       2%          2    ##.....

Your spell library contained the following spells:

 Spells                   Type           Power        Failure   Level  Hunger
 Iskenderun's Mystic Bla  Conj           ###.....     17%         4    ####...
 Fulminant Prism          Conj/Hex       ###.......   34%         4    ####...
 Force Lance              Conj/Tloc      ##......     45%         4    ####...


Dungeon Overview and Level Annotations

Branches:
Dungeon (5/15)
 Temple: D:4-7

Altars:
Ashenzari
Qazlal
Ru
Yredelemnul

Annotations:
D:5 Ijyb


Innate Abilities, Weirdness & Mutations

You cannot wear boots.
Your serpentine skin is tough. (AC +2)
You have supernaturally acute eyesight. (SInv)
Armour fits poorly on your strangely shaped body.
Your system is resistant to poisons. (rPois)
You cover ground very slowly.
You have a slow metabolism.
You can spit poison.


Message History

The hornet is lightly wounded.
The hornet stings you! The hornet stings you.
* * * LOW HITPOINT WARNING * * *
You bump into the stone wall.
You have got your breath back.
The hornet stings you!
* * * LOW HITPOINT WARNING * * *
You are poisoned.
You feel yourself slow down. The hornet stings you!
* * * LOW HITPOINT WARNING * * *
You feel as though you will be slow longer.
You feel better.
You feel less invigorated. The hornet stings you.
* * * LOW HITPOINT WARNING * * *
You feel as though you will be slow longer.
Okay, then.
The hornet stings you.
* * * LOW HITPOINT WARNING * * *
The hornet stings you!
You die...

#. ##.##
#...################.#
>)..#................
!...#.###.##.#.####.#
#.#.#.# #g##.#.#### .
#y#.#.###.#.g.....#
#.####.#....##.#y#####.#.#
......#.#......#@# .#.#
.P.P..g#....####.#####...#
.._..#.#.#.## #........###
.P.P...#.#.# #...........
......##.#.# #...)....#
.##...##...# #.......## .
########## #.<.....#
#.......# #.......#


You could see a hornet and Ijyb.

Vanquished Creatures
  3 ogres (D:4)
  A crocodile (Sewer)
  Blork the orc (D:5)
  5 adders
  A shadow imp (D:4)
  An adder skeleton (D:4)
  3 worms (D:3)
  2 leopard geckos
  5 orcs (D:3)
  2 giant cockroaches (D:4)
  6 goblins
  6 hobgoblins
  5 jackals
  A quokka (D:2)
  4 bats
  3 frilled lizards (D:2)
  11 kobolds
  9 rats
69 creatures vanquished.

Notes
Turn   | Place    | Note
-------+----------+-------------------------------------------
     0 | D:1      | FishyPogo the Naga Conjurer began the quest for the Orb.
     0 | D:1      | Reached XP level 1. HP: 15/15 MP: 3/3
   412 | D:1      | Reached XP level 2. HP: 8/22 MP: 1/5
  1085 | D:2      | Reached XP level 3. HP: 28/28 MP: 4/6
  1117 | D:2      | Learned a level 3 spell: Dazzling Spray
  1298 | D:2      | Found a shattered altar of Ashenzari.
  1463 | D:2      | Reached XP level 4. HP: 31/36 MP: 5/7
  1935 | D:2      | Found a sacrificial altar of Ru.
  2320 | D:3      | Found a glowing drain.
  2331 | Sewer    | Entered a sewer
  2392 | Sewer    | Noticed a crocodile
  2419 | Sewer    | Learned a level 2 spell: Searing Ray
  2432 | Sewer    | Killed a crocodile
  2432 | Sewer    | Reached skill level 1 in Hexes
  2432 | Sewer    | Reached XP level 5. HP: 19/42 MP: 1/9
  2872 | D:3      | Found a stormy altar of Qazlal.
  3040 | D:4      | Noticed an ogre
  3413 | D:4      | Noticed an ogre
  3423 | D:4      | Killed an ogre
  3423 | D:4      | Reached skill level 5 in Conjurations
  3423 | D:4      | Reached XP level 6. HP: 40/49 MP: 0/11
  3709 | D:4      | Reached XP level 7. HP: 55/55 MP: 6/12
  4012 | D:5      | Entered Level 5 of the Dungeon
  4012 | D:5      | Noticed Blork the orc
  4016 | D:5      | Killed Blork the orc
  4016 | D:5      | Reached skill level 5 in Stealth
  4057 | D:5      | Found a basalt altar of Yredelemnul.
  4059 | D:5      | Noticed a hornet
  4063 | D:5      | Noticed Ijyb
  4071 | D:5      | Paralysed by a hornet for 1 turns
  4097 | D:5      | Slain by a hornet

Skill      XL: |  1  2  3  4  5  6  7 |
---------------+----------------------+-----
Dodging        | 2 3 |  3.3
Stealth        | 4 5 |  5.0
Spellcasting   | 3 |  3.9
Hexes          | 1 |  1.9
Conjurations   | 5 |  5.4
Shields        | |  0.8

Action                   |  1- 3 |  4- 6 |  7- 9 || total
-------------------------+-------+-------+-------++-------
Melee: Dagger            |    17 |    27 |     1 ||    45
 Cast: Magic Dart        |    38 |    52 |     3 ||    93
       Searing Ray       |       |     4 |     3 ||     7
       Dazzling Spray    |       |     6 |     2 ||     8
 Abil: Spit Poison       |    17 |    23 |     4 ||    44
  Use: Scroll            |       |     6 |       ||     6
       Potion            |       |     2 |     7 ||     9
 Stab: Sleeping          |       |     5 |       ||     5
  Eat: Chunk             |     3 |     6 |     3 ||    12
Armor: Robe              |     6 |    12 |     4 ||    22
Dodge: Dodged            |    12 |    50 |     9 ||    71
